Map: Invader LE

Players

LiquidTLO (TLO) - Winner!

  • Race: Zerg Zerg
  • League: Grandmaster

Stephano

  • Race: Zerg Zerg
  • League: Grandmaster

VOD

Have the link to the VOD?

Description

Time

  • Played on: July 5, 2016, 1:26 p.m.
  • Length: 11:23
Show
View Real Time Build Order
Export as new Build Order

LiquidTLO Zerg - Winner!

Build Orders: 3 Hatch before Pool, Zergling Baneling 

Get SALT Encoding   

  12  0:01  Drone  
  13  0:12  Overlord  
  13  0:17  Drone  
  14  0:31  Drone x2  
  14  0:34  Drone  
  17  0:51  Hatchery  
  17  0:54  Drone  
  17  1:07  Drone  
  17  1:09  Drone  
  19  1:24  Extractor  
  18  1:26  Drone, Hatchery  
  18  1:39  Spawning Pool  
  17  1:42  Drone  
  17  1:44  Drone  
  19  1:50  Drone  
  21  2:01  Drone  
  21  2:03  Drone  
  22  2:11  Drone  
  22  2:14  Drone  
  24  2:26  Queen x2  
  24  2:29  Metabolic Boost  
  28  2:38  Drone  
  28  2:39  Queen, Drone  
  32  2:44  Overlord  
  32  2:47  Zergling x2  
  32  2:50  Drone  
  34  2:57  Baneling Nest, Drone  
  34  3:06  Drone  
  34  3:07  Drone x2  
  34  3:08  Overlord  
  34  3:12  Zergling x2  
  38  3:13  Zergling x2  
  38  3:19  Evolution Chamber  
  38  3:20  Drone  
  38  3:22  Drone  
  38  3:25  Overlord  
  40  3:28  Zergling x2  
  40  3:30  Zergling x2  
  42  3:36  Spine Crawler  
  42  3:37  Drone  
  42  3:39  Drone  
  42  3:41  Baneling x2  
  42  3:42  Zergling x2  
  42  3:45  Zerg Melee Weapons Level 1  
  42  3:48  Zergling x2  
  44  3:51  Drone  
  44  3:52  Zergling x2  
  44  3:53  Drone  
  48  3:55  Zergling x2  
  48  3:57  Zergling x2  
  48  3:59  Drone  
  48  4:02  Zergling x2  
  51  4:03  Drone  
  51  4:07  Baneling x2  
  52  4:12  Zergling x2  
  52  4:14  Zergling x4  
  52  4:16  Drone x2  
  57  4:19  Drone  
  57  4:25  Overlord  
  57  4:26  Baneling  
  57  4:27  Baneling  
  57  4:29  Overlord  
  57  4:36  Overlord  
  57  4:37  Overlord, Queen  
  57  4:38  Baneling  
  57  4:39  Baneling  
  57  4:41  Zergling x2, Spine Crawler  
  57  4:42  Zergling x2  
  57  4:45  Zergling x2  
  57  4:48  Drone  
  57  4:49  Drone  
  57  4:50  Queen  
  60  5:02  Zergling x4  
  60  5:03  Zergling x2  
  60  5:04  Zergling x2  
  60  5:06  Zergling x2  
  62  5:08  Zergling x4  
  62  5:09  Zergling x2  
  62  5:10  Zergling x2  
  66  5:16  Zergling x6  
  66  5:17  Zergling x2  
  66  5:19  Drone  
  66  5:20  Drone x2  
  73  5:22  Zergling x2  
  73  5:23  Zergling x2  
  75  5:29  Zergling x2, Evolution Chamber  
  75  5:30  Zergling x2  
  75  5:31  Zergling x2  
  75  5:32  Zergling x4  
  75  5:34  Baneling x3  
  79  5:35  Zergling x2  
  79  5:37  Zergling x2  
  79  5:39  Baneling x2  
  79  5:41  Zergling x2  
  81  5:43  Zergling x2  
  81  5:45  Zergling x2  
  81  5:48  Drone  
  84  5:50  Zergling x2  
  84  5:51  Zergling x2  
  84  5:52  Zergling x2  
  84  5:53  Zergling x2  
  84  5:55  Queen  
  89  5:57  Baneling x2  
  89  6:00  Overlord  
  89  6:06  Zergling x2  
  89  6:07  Zergling x2, Queen  
  89  6:09  Zergling x2  
  89  6:10  Zergling x2  
  90  6:12  Zergling x2  
  90  6:17  Zergling x2  
  90  6:18  Zergling x2  
  90  6:19  Queen  
  90  6:21  Overlord  
  90  6:23  Zergling x2  
  92  6:26  Zergling x4  
  92  6:27  Zergling x2  
  92  6:30  Zergling x6  
  97  6:33  Hatchery  
  97  6:35  Zergling x2  
  97  6:36  Baneling  
  97  6:37  Zergling x2, Baneling  
  96  6:41  Zergling x2, Drone  
  96  6:43  Zergling x2  
  90  6:49  Zergling x2  
  90  6:53  Zergling x2  
  86  6:58  Zergling x4  
  86  6:59  Zergling x2  
  86  7:00  Zergling x4  
  84  7:02  Drone  
  84  7:03  Queen  
  84  7:04  Zergling x2  
  84  7:06  Queen  
  84  7:07  Zergling x2  
  84  7:08  Zergling x2  
  87  7:09  Zergling x2  
  87  7:14  Zergling x4  
  90  7:16  Drone  
  90  7:18  Drone, Zerg Ground Armor Level 1  
  92  7:24  Spore Crawler  
  92  7:26  Drone, Spore Crawler  
  92  7:28  Drone  
  91  7:30  Drone  
  91  7:31  Drone  
  91  7:35  Drone  
  91  7:38  Spore Crawler, Drone  
  91  7:39  Spore Crawler  
  91  7:40  Extractor  
  91  7:41  Drone  
  91  7:42  Extractor x2, Drone  
  91  7:43  Drone x2  
  91  7:44  Extractor x2, Drone  
  89  7:45  Drone  
  89  7:49  Zerg Missile Weapons Level 1  
  89  7:50  Drone x2  
  92  7:53  Drone  
  92  7:56  Drone  
  92  7:57  Drone  
  95  8:01  Overlord  
  95  8:04  Overlord  
  95  8:09  Overlord  
  95  8:10  Baneling x2  
  95  8:14  Overlord x2  
  95  8:19  Queen  
  96  8:23  Overlord, Zergling x2  
  96  8:25  Zergling x2  
  96  8:26  Zergling x2  
  99  8:28  Zergling x4  
  99  8:29  Zergling x4  
  99  8:31  Zergling x2  
  104  8:34  Drone x2  
  104  8:35  Drone  
  104  8:36  Zergling x6  
  104  8:37  Zergling x4  
  104  8:38  Zergling x2  
  104  8:39  Zergling x2  
  104  8:40  Zergling x2  
  112  8:42  Zergling x2  
  112  8:43  Baneling x2  
  112  8:44  Zergling x2  
  112  8:46  Zergling x4  
  116  8:51  Zergling x4  
  116  8:52  Zergling x2  
  119  8:56  Zergling x4  
  119  8:59  Zergling x4  
  119  9:01  Zergling x4  
  120  9:03  Lair  
  120  9:04  Drone  
  120  9:13  Drone  
  120  9:14  Drone  
  120  9:15  Queen  
  120  9:16  Queen  
  126  9:17  Zergling x6  
  126  9:21  Drone, Spore Crawler  
  127  9:28  Zergling x2, Drone  
  127  9:29  Zergling x4  
  127  9:30  Zergling x4  
  132  9:32  Zergling x2  
  132  9:34  Zergling x2  
  132  9:35  Zergling x2  
  132  9:38  Zergling x2  
  131  9:39  Zergling x2  
  131  9:40  Zergling x2  
  130  9:46  Zergling x4  
  130  9:47  Zergling x2  
  130  9:48  Zergling x2  
  130  9:52  Zergling x2  
  128  9:57  Drone  
  126  10:00  Zergling x2  
  123  10:10  Zergling x4  
  123  10:13  Drone  
  123  10:14  Drone x3  
  118  10:15  Infestation Pit  
  118  10:18  Zergling x2  
  115  10:24  Zergling x2  
  115  10:25  Zergling x4  
  115  10:26  Zergling x2  
  119  10:33  Overlord, Queen  
  119  10:35  Zergling x2  
  121  10:36  Zergling x2  
  121  10:39  Zergling x2  
  121  10:41  Zergling x4  
  121  10:42  Zergling x4  
  116  10:47  Drone  
  116  10:49  Zergling x2  
  118  10:50  Baneling x3  
  118  10:51  Zergling x4, Baneling  
  118  10:55  Baneling  
  120  11:00  Zergling x2  
  120  11:03  Spore Crawler  
  120  11:04  Spore Crawler x2  
  120  11:05  Baneling  
  120  11:06  Baneling  
Show
View Real Time Build Order
Export as new Build Order

Stephano Zerg 

Build Orders: Hatch First 

Get SALT Encoding   

  12  0:01  Drone  
  13  0:12  Overlord  
  13  0:19  Drone  
  14  0:31  Drone x2  
  14  0:35  Drone  
  17  0:52  Hatchery  
  17  0:54  Drone  
  17  0:57  Drone  
  18  1:08  Extractor  
  17  1:13  Spawning Pool  
  17  1:15  Drone  
  17  1:18  Drone  
  18  1:29  Drone  
  19  1:39  Drone  
  20  1:50  Drone  
  21  2:01  Overlord  
  21  2:03  Queen  
  21  2:04  Queen, Drone  
  21  2:08  Metabolic Boost  
  26  2:11  Drone  
  27  2:20  Drone  
  28  2:28  Drone x2  
  30  2:33  Drone  
  31  2:37  Hatchery  
  31  2:41  Drone  
  31  2:45  Baneling Nest  
  31  2:48  Overlord  
  30  2:52  Drone  
  31  3:00  Drone x2  
  33  3:08  Zergling x2  
  33  3:09  Zergling x2  
  33  3:10  Drone  
  33  3:11  Drone x3  
  33  3:12  Drone  
  40  3:17  Evolution Chamber  
  40  3:19  Drone  
  40  3:20  Zergling x2  
  40  3:21  Extractor  
  40  3:22  Zergling x2  
  41  3:31  Zergling x2  
  42  3:37  Zergling x2  
  43  3:46  Drone, Evolution Chamber  
  43  3:47  Drone  
  43  3:48  Zerg Ground Armor Level 1  
  44  3:51  Queen  
  44  3:52  Overlord  
  44  3:53  Baneling x2  
  44  3:55  Drone x2  
  48  3:58  Overlord  
  48  4:09  Zergling x4  
  50  4:10  Zergling x4  
  52  4:20  Zergling x2  
  52  4:21  Zergling x12  
  59  4:24  Zerg Melee Weapons Level 1  
  59  4:35  Zergling x2  
  59  4:36  Zergling x6  
  62  4:39  Lair  
  62  4:45  Zergling x4  
  64  4:46  Drone  
  64  4:48  Overlord  
  64  4:49  Extractor  
  64  4:50  Extractor  
  61  5:05  Zergling x2  
  58  5:10  Zergling x8  
  58  5:11  Zergling x14  
  68  5:16  Baneling  
  68  5:17  Baneling x2  
  68  5:18  Overlord  
  68  5:30  Baneling x2  
  68  5:31  Drone  
  68  5:32  Drone x3  
  72  5:45  Drone x2  
  72  5:48  Spire  
  72  5:49  Drone x3  
  76  5:52  Drone  
  76  5:55  Drone  
  76  5:56  Drone x3  
  81  6:02  Overlord  
  81  6:06  Zergling x6  
  69  6:14  Zergling x8  
  69  6:16  Zergling x2  
  71  6:21  Zergling x6  
  71  6:25  Baneling x2  
  70  6:29  Zergling x8  
  68  6:32  Zergling x2  
  68  6:35  Zergling x4  
  64  6:45  Zergling x6  
  48  6:54  Zergling x6  
  47  7:08  Mutalisk  
  45  7:13  Baneling x2  
  45  7:15  Mutalisk  
  47  7:20  Baneling  
  47  7:21  Mutalisk  
  51  7:29  Mutalisk x2  
  50  7:32  Drone x2  
  56  7:38  Mutalisk  
  56  7:42  Queen  
  59  7:45  Mutalisk  
  61  7:54  Drone x3  
  64  8:12  Mutalisk  
  66  8:18  Drone x4  
  69  8:24  Hatchery  
  68  8:28  Mutalisk x2  
  72  8:37  Mutalisk  
  72  8:43  Baneling  
  72  8:51  Zergling x2  
  72  8:52  Zergling x4  
  75  9:06  Overlord, Hatchery  
  74  9:12  Mutalisk  
  74  9:18  Infestation Pit, Drone  
  74  9:24  Zergling x8  
  74  9:30  Zergling x2  
  77  9:38  Mutalisk  
  77  9:39  Mutalisk x3  
  81  9:49  Mutalisk  
  81  9:51  Zergling x6  
  81  10:06  Zergling x10  
  74  10:18  Overlord  
  70  10:27  Baneling x4  
  70  10:35  Zergling x2  
  70  10:36  Zergling x8  
  72  10:44  Baneling  
  72  10:45  Queen, Baneling  
  72  10:46  Zergling x12  
  80  10:52  Zergling x4  
  80  10:55  Baneling x5  
  80  10:56  Baneling x2  
  82  11:00  Baneling  
  82  11:01  Baneling  
  82  11:02  Zergling x2  
  83  11:04  Zergling x2  
Tags
 
Add a new tag
Caveats
  • Supply blocks, unpowered buildings, or Contaminate may cause inaccurate times.
  • Supply counts are checked every 10 seconds.